 Dungeon Crawl Stone Soup version 0.26.0-18-gc5c842f807 (webtiles) character file.

Game seed: 18224519570390051758

39 thiole the Sneak (level 3, 0/21 HPs)
             Began as an Octopode Hedge Wizard on Jan 22, 2021.
             Slain by an adder (2 damage)
             ... on level 2 of the Dungeon.
             The game lasted 00:02:12 (1477 turns).

thiole the Sneak (Octopode Hedge Wizard)            Turns: 1477, Time: 00:02:12

Health: 0/21       AC:  1    Str:  9    XL:     3   Next: 45%
Magic:  3/7        EV:  8    Int: 17    God:
Gold:   124        SH:  7    Dex: 11    Spells: 7/8 levels left

rFire    . . .     SeeInvis .   d - +2 dagger (drain)
rCold    . . .     Faith    .   i - -2 tower shield (curse)
rNeg     . . .     Spirit   .   b - +0 hat
rPois    .         Reflect  .   (no amulet)
rElec    .         Harm     .   (no ring)
rCorr    .         Rampage  .   (no ring)
Will     .....                  (no ring)
Stlth    +++.......             (no ring)
HPRegen  0.07/turn              (no ring)
MPRegen  0.10/turn              (no ring)
                                (no ring)
                                (no ring)

@: lethally poisoned (0 -> -3), very slightly contaminated
A: almost no armour, stealthy swim, amphibious, 8 rings, constrict 8, camouflage
1, gelatinous body 1
a: no special abilities


You were on level 2 of the Dungeon.
You visited 1 branch of the dungeon, and saw 2 of its levels.

You collected 124 gold pieces.

Inventory:

Hand Weapons
 a - a +0 dagger
 d - a +2 dagger of draining (weapon)
Armour
 b - a +0 hat (worn)
 i - a cursed -2 tower shield (worn)
Scrolls
 h - a scroll of magic mapping {unknown}
Potions
 c - 2 potions of lignification
 e - a potion of heal wounds {unknown}
 f - 2 potions of brilliance {unknown}
 g - a potion of mutation {unknown}
 j - a potion of flight {unknown}


   Skills:
 - Level 2.0 Dodging
 + Level 3.3 Stealth
 + Level 3.2 Spellcasting
 - Level 2.0 Conjurations
 - Level 2.0 Summonings
 - Level 1.0 Translocations


You had 7 spell levels left.
You knew the following spells:

 Your Spells              Type           Power        Failure   Level
a - Magic Dart            Conj           36%          89%         1

Your spell library contained the following spells:

 Spells                   Type           Power        Failure   Level
 Call Imp                 Summ           9%           96%         2
 Blink                    Tloc           N/A          99%         2
 Slow                     Hex            2%           100%        2
 Conjure Flame            Conj/Fire      6%           100%        3
 Mephitic Cloud           Conj/Pois/Air  4%           100%        3


Dungeon Overview and Level Annotations

Branches:
Dungeon (2/15)

Altars:
Okawaru


Innate Abilities, Weirdness & Mutations

You cannot wear most types of armour.
You are very stealthy in the water. (Stealth+)
You are amphibious.
You can wear up to eight rings at the same time.
You can use your tentacles to constrict eight enemies at once.
Your skin changes colour to match your surroundings (Stealth+).
Your rubbery body absorbs attacks. (AC +1, EV +1)


Message History

Found an iron altar of Okawaru.
* * * LOW HITPOINT WARNING * * *
You feel sick.
A quokka comes into view.
You block the adder's attack.
Your shield prevents you from hitting the adder.
You grab the adder. You constrict the adder. The adder bites you.
* * * LOW HITPOINT WARNING * * *
The adder closely misses you.
Your shield prevents you from hitting the adder.
The adder is lightly wounded.
You constrict the adder.
* * * LOW HITPOINT WARNING * * *
You feel sick. The adder bites you.
* * * LOW HITPOINT WARNING * * *
You block the quokka's attack.
You hit the adder. You drain the adder.
The adder is severely wounded.
You constrict the adder. The adder bites you.
You die...

...#....# #............
.... ...#....#
#............ .... #...
......# #... ......#
#... ..# ##....# #...
..# .##....# #...
...##.##....#
####..r#####.....##....#
......S@.#..........#...
...♣...#.#......#.....†.
♣.♣....#..............
♣.♣.♣..................
♣.♣.♣.................
♣._.♣.♣................
♣.♣.♣.♣..........##.....
.♣.♣.♣...........####...
.♣.♣........<......#...


You could see an adder (drained) and a quokka.

Vanquished Creatures
  An adder (D:2)
  A dart slug (D:2)
  3 leopard geckos
  4 goblins
  4 hobgoblins (D:1)
  3 jackals (D:1)
  A kobold (D:1)
  A quokka (D:2)
  A bat (D:1)
  4 frilled lizards
23 creatures vanquished.

Notes
Turn   | Place    | Note
-------+----------+-------------------------------------------
     0 | D:1      | thiole the Octopode Hedge Wizard began the quest for the
                  | Orb.
     0 | D:1      | Reached XP level 1. HP: 11/11 MP: 4/4
   252 | D:1      | Reached XP level 2. HP: 17/17 MP: 0/6
  1040 | D:2      | Reached XP level 3. HP: 13/21 MP: 2/7
  1472 | D:2      | Found an iron altar of Okawaru.
  1477 | D:2      | Slain by an adder

Illustrated notes

Levels and vault maps discovered:
D:1:      nzn_arrival_settlement, layout_rooms
D:2:      layout_basic, okawaru_trees_2

Skill      XL: |  1  2  3 |
---------------+----------+-----
Stealth        | 3 |  3.3
Conjurations   | 2 |  2.0
Summonings     | 2 |  2.0
Dodging        | |  2.0
Spellcasting   | |  3.2
Translocations | |  1.0

Action                   || total
-------------------------++-------
Melee: Dagger            ||    40
       Constrict         ||     7
       Tentacles         ||     4
 Cast: Magic Dart        ||    28
  Use: Scroll            ||     4
 Stab: Sleeping          ||     2
Armor: Skin              ||     2
Dodge: Dodged            ||    24
Block: Tower shield      ||     7
